 Dungeon Crawl Stone Soup version 0.29.1-2-gbd0b4ee654 (webtiles) character file.

Game seed: 13481550491133198839

62 croobank the Caller (level 3, -1/16 HPs)
             Began as a Felid Summoner on Oct 23, 2022.
             Blown up by Ijyb (17 damage)
             ... with a mindburst bolt
             ... on level 3 of the Dungeon.
             The game lasted 00:08:49 (2331 turns).

croobank the Caller (Felid Summoner)                Turns: 2331, Time: 00:08:50

Health: -1/16      AC:  1    Str:  4    XL:     3   Next: 85%
Magic:  8/8        EV: 18    Int: 18    God:
Gold:   97         SH:  0    Dex: 16    Spells: 1/7 levels left
                                        Lives:  0   Deaths: 1

rFire   . . .      SeeInvis +   (weapon unavailable)
rCold   . . .      Faith    .   (shield unavailable)
rNeg    . . .      Spirit   .   (body armour unavailable)
rPois   .          Reflect  .   (helmet unavailable)
rElec   .          Harm     .   (cloak unavailable)
rCorr   .          Rampage  .   (gloves unavailable)
Will    .....                   (boots unavailable)
Stlth   ++........              (no amulet)
HPRegen 0.05/turn               f - ring of flight
MPRegen 0.11/turn               (no ring)

@: flying, quick
A: very small, claws 1, fangs 3, see invisible, speed 1, shaggy fur 1, stealthy
paws, no weapons or thrown items, no armour, multi-lived
a: no special abilities


You were on level 3 of the Dungeon.
You visited 1 branch of the dungeon, and saw 3 of its levels.

You collected 97 gold pieces.

Inventory:

Jewellery
 f - a ring of flight (left paw)
Scrolls
 d - 3 scrolls of fog
Potions
 a - a potion of magic
 b - a potion of invisibility
 c - 2 potions of heal wounds
 e - 2 potions of curing {unknown}
 g - 2 potions of berserk rage {unknown}


   Skills:
 + Level 1.8 Fighting
 + Level 4.0 Dodging
 - Level 3.0 Stealth
 + Level 2.8 Spellcasting
 + Level 4.5 Summonings


You had one spell level left.
You knew the following spells:

 Your Spells              Type           Power      Damage    Failure   Level
a - Summon Small Mammal   Summ           76%        N/A       2%          1
b - Call Imp              Summ           19%        N/A       3%          2
c - Call Canine Familiar  Summ           19%        N/A       8%          3

Your spell library contained the following spells:

 Spells                   Type           Power      Damage    Failure   Level
 Summon Guardian Golem    Hex/Summ       10%        N/A       21%         3
 Sublimation of Blood     Necr           2%         N/A       26%         2
 Wereblood                Tmut           2%         N/A       26%         2
 Summon Lightning Spire   Summ/Air       10%        N/A       54%         4
 Fireball                 Conj/Fire      1%         3d3       99%         5
 Iskenderun's Battlesphe  Conj           2%         2d6       99%         5
 Conjure Ball Lightning   Conj/Air       1%         3x3d6     100%        6
 Orb of Destruction       Conj           1%         9d5       100%        7
 Summon Hydra             Summ           9%         N/A       100%        7


Dungeon Overview and Level Annotations

Branches:
Dungeon (3/15)

Altars:

Annotations:
D:3 Grinder, Ijyb


Innate Abilities, Weirdness & Mutations

You have sharp claws.
You have razor-sharp teeth.
You have supernaturally acute eyesight. (SInv)
You cover ground quickly. (Speed+)
You are covered in fur. (AC +1)
Your paws help you pounce on unaware monsters.
You are incapable of wielding weapons or throwing items.
You cannot wear armour.
You gain extra lives every three experience levels.


Message History

The quokka bites your bat. The quokka misses your bat.
Your bat barely misses the quokka.
The quokka bites your bat.
Your bat dies!
Your bat's corpse disappears in a puff of smoke!
Your rat closely misses the quokka.
The quokka barely misses your rat.
Your rat completely misses the quokka.
The quokka barely misses your rat.
Your rat barely misses the quokka.
The quokka barely misses your rat.
Your rat barely misses the quokka.
The quokka bites your rat.
Your rat dies!
Your rat's corpse disappears in a puff of smoke!
Casting: Summon Small Mammal (safe; 2% risk of failure)
Confirm with . or Enter, or press ? or * to list all spells.
Casting: Summon Small Mammal (safe; 2% risk of failure)
Confirm with . or Enter, or press ? or * to list all spells.
A beastly little devil appears in a puff of flame.
Your quokka barely misses the quokka.
You scratch the quokka but do no damage.
You bite the quokka.
The quokka is moderately wounded.
The quokka barely misses you.
Your quokka closely misses the quokka.
You scratch the quokka.
The quokka is almost dead.
The quokka bites you.
Your crimson imp misses the quokka.
Your quokka bites the quokka.
The quokka dies!
HP restored.
You swap places.
You see here a quokka corpse.
You swap places.
Your quokka disappears in a puff of smoke!
There is a stone staircase leading up here.
Found a stone staircase leading up.
g - 2 lumpy black potions
Items here: ))) [[ ÷.
You swap places.
Ijyb zaps a wand.
Your mind is blasted!
Ouch! That really hurt!
You die...

#...## #.# # ##.## #.# #
######### ##.## ..# #
#.......######...###.#
### #
#.#.#.#÷..))........<..
.
##.#...#.######5..###.##
# ...#####.# ##.## ##.#
#.# #####.# #†#####.#
#....@# #.......#
#.##..# ######### #...
#.### #. #. #. #g


You could see Ijyb and a friendly crimson imp (summoned).

Vanquished Creatures
  2 bats
  An endoplasm (D:2)
  A hobgoblin (D:1)
4 creatures vanquished.

Vanquished Creatures (collateral kills)
  An orc wizard (D:3)
  4 adders
  2 worms
  A dart slug (D:1)
  3 orcs (D:3)
  2 ball pythons
  4 bats
  4 endoplasms
  4 goblins
  3 hobgoblins
  A jackal (D:1)
  2 quokkas
  3 frilled lizards
  4 kobolds
  A rat (D:1)
39 creatures vanquished.

Grand Total: 43 creatures vanquished

Notes
Turn   | Place    | Note
-------+----------+-------------------------------------------
     0 | D:1      | croobank the Felid Summoner began the quest for the Orb.
     0 | D:1      | Reached XP level 1. HP: 7/7 MP: 4/4
   306 | D:1      | Reached XP level 2. HP: 11/11 MP: 4/6
   309 | D:1      | Learned a level 2 spell: Call Imp
   802 | D:2      | Reached XP level 3. HP: 15/15 MP: 2/7
  1035 | D:2      | Reached skill level 1 in Fighting
  1295 | D:2      | Learned a level 3 spell: Call Canine Familiar
  1815 | D:3      | Noticed Grinder
  1892 | D:3      | Reached XP level 4. HP: 19/19 MP: 5/8
  1961 | D:3      | Noticed Ijyb
  1972 | D:3      | Blown up by Ijyb
  1973 | D:3      | Reached XP level 3. HP: 0/16 MP: 3/8
  2331 | D:3      | Blown up by Ijyb

Illustrated notes

Levels and vault maps discovered:
D:1:      dpeg_arrival_erosion, layout_rooms, hangedman_feature_mirror
D:2:      layout_rooms
D:3:      layout_loops_ring, basic_ecumenical_altar, uniq_ijyb, uniq_grinder,
          uniq_sigmund

Skill      XL: |  1  2  3  4 |
---------------+-------------+-----
Stealth        | 3 |  3.0
Dodging        | 3 4 |  4.0
Fighting       | 1 |  1.8
Spellcasting   | |  2.8
Summonings     | |  4.5

Action                   |  1- 3 |  4- 6 || total
-------------------------+-------+-------++-------
Melee: Unarmed           |    21 |       ||    21
       Bite              |     2 |       ||     2
 Cast: Summon Small Mamm |    59 |       ||    59
       Call Imp          |    12 |       ||    12
       Call Canine Famil |     7 |     3 ||    10
  Use: Scroll            |     5 |       ||     5
Armor: Skin              |     4 |       ||     4
Dodge: Dodged            |    32 |       ||    32
